 Dungeon Crawl Stone Soup version 0.28.0-43-g3370ac3207 (webtiles) character file.

Game seed: 4320215071724403481

11588 bnorton916 the Fighter (level 11, -6/91 HPs)
             Began as a Barachi Ice Elementalist on Mar 21, 2022.
             Was a High Priest of Cheibriados.
             Mangled by a five-headed hydra (8 damage)
             ... on level 1 of the Lair of Beasts.
             The game lasted 00:38:24 (15973 turns).

bnorton916 the Fighter (Barachi Ice Elementalist)  Turns: 15973, Time: 00:38:25

Health: -6/91      AC:  9    Str: 22    XL:     11   Next: 80%
Magic:  20/20      EV: 22    Int: 32    God:    Cheibriados [*****.]
Gold:   542        SH:  0    Dex: 27    Spells: 7/23 levels left

rFire   . . .      SeeInvis .   n - +6 dagger of Dammeant {vorpal, rN+ Will+ Dex+3 Stlth+}
rCold   . . .      Faith    .   (no shield)
rNeg    + . .      Spirit   .   N - +0 steam dragon scales
rPois   .          Reflect  .   b - +2 helmet
rElec   .          Harm     .   (no cloak)
rCorr   .          Rampage  .   (no gloves)
Will    +....                   (no boots)
Stlth   ++++......              (no amulet)
HPRegen 0.25/turn               y - +4 ring of slaying
MPRegen 0.17/turn               q - +4 ring of evasion

@: unable to hop, very slow
A: amphibious, slowness 1, strong legs 1, +LOS
a: Hop, Renounce Religion, Bend Time, Temporal Distortion, Slouch, Step From
Time


You were on level 1 of the Lair of Beasts.
You worshipped Cheibriados.
Cheibriados was extremely pleased with you.
You visited 3 branches of the dungeon, and saw 12 of its levels.
You also visited: Ossuary.

You collected 602 gold pieces.
You spent 60 gold pieces at shops.

Inventory:

Hand Weapons
 a - a +5 short sword
 n - the +6 dagger of Dammeant (weapon) {vorpal, rN+ Will+ Dex+3 Stlth+}
   (You took it off a goblin on level 3 of the Dungeon)

   It inflicts extra damage upon your enemies.
   Dex:       It affects your dexterity (+3).
   rN:        It protects you from negative energy.
   Will:      It increases your willpower.
   Stlth:     It makes you more stealthy.
 A - a +4 halberd
 C - a +1 dagger of holy wrath
 J - a +4 vampiric falchion
 T - a +4 morningstar
Missiles
 g - 233 stones (quivered)
 H - a throwing net
 U - a javelin
Armour
 b - a +2 helmet (worn)
 N - +0 steam dragon scales (worn)
Magical Staves
 K - a staff of earth
Jewellery
 h - a ring of fire
 i - an amulet of magic regeneration
 k - a ring of willpower
 q - a +4 ring of evasion (right hand)
 y - a +4 ring of slaying (left hand)
Wands
 d - a wand of charming (4)
 e - a wand of mindburst (6)
Scrolls
 c - 3 scrolls of immolation
 f - a scroll of summoning
 j - a scroll of enchant weapon
 m - 3 scrolls of holy word
 p - 2 scrolls of identify
 t - a scroll of fog
 v - 3 scrolls of amnesia
Potions
 l - a potion of ambrosia
 o - a potion of attraction {unknown}
 s - 4 potions of brilliance
 w - a potion of flight {unknown}
 z - 5 potions of mutation
 B - 3 potions of curing
 D - 2 potions of berserk rage {unknown}
 F - a potion of might
 L - 3 potions of cancellation


   Skills:
 - Level 10.2 Fighting
 - Level 9.3 Short Blades
 - Level 5.8 Armour
 - Level 6.8 Dodging
 - Level 1.7 Stealth
 - Level 6.5 Spellcasting
 + Level 6.6 Conjurations
 - Level 4.0 Summonings
 - Level 3.0 Translocations
 - Level 8.8 Ice Magic


You had 7 spell levels left.
You knew the following spells:

 Your Spells              Type           Power      Damage    Failure   Level
a - Freeze                Ice            100%       1d11      1%          1
b - Frozen Ramparts       Ice            100%       1d12      1%          3
c - Ozocubu's Armour      Ice            61%        N/A       1%          3
d - Hailstorm             Conj/Ice       56%        3d12      1%          4
e - Blink                 Tloc           58%        N/A       1%          2
f - Call Canine Familiar  Summ           36%        N/A       2%          3

Your spell library contained the following spells:

 Spells                   Type           Power      Damage    Failure   Level
 Pain                     Necr           40%        1d6       4%          1
 Slow                     Hex            40%        N/A       4%          1
 Portal Projectile        Hex/Tloc       40%        N/A       7%          3
 Summon Forest            Summ/Tloc      16%        N/A       28%         5
 Manifold Assault         Tloc           29%        N/A       34%         5
 Animate Dead             Necr           5%         N/A       41%         4
 Leda's Liquefaction      Hex/Erth       5%         N/A       41%         4
 Summon Mana Viper        Hex/Summ       23%        N/A       47%         5
 Agony                    Necr           10%        N/A       77%         5
 Blade Hands              Tmut           5%         N/A       77%         5
 Excruciating Wounds      Necr           5%         N/A       77%         5
 Summon Cactus Giant      Summ           18%        N/A       78%         6
 Storm Form               Tmut/Air       5%         N/A       100%        7
 Death's Door             Necr           5%         N/A       100%        9


Dungeon Overview and Level Annotations

Branches:
Dungeon (9/15)             Temple (1/1) D:5            Lair (2/6) D:9
Ossuary (visited)
  Swamp: Lair:2-4    Shoals: Lair:2-4     Snake: Lair:2-4    Spider: Lair:2-4
    Orc: D:9-12

Altars:
Ashenzari
Cheibriados
Dithmenos
Elyvilon
Fedhas
Gozag
Hepliaklqana
Kikubaaqudgha
Makhleb
Nemelex Xobeh
Okawaru
Qazlal
Ru
Sif Muna
Trog
Uskayaw
Vehumet
Wu Jian
Xom
Yredelemnul
Zin
The Shining One

Shops:
D:5 =(?


Innate Abilities, Weirdness & Mutations

You are amphibious.
You cover ground slowly.
You can hop short distances.
You have an extended range of vision and can be seen from far away.


Message History

Boing!
Okay, then.
The five-headed hydra bites you but does no damage.
The five-headed hydra misses you. The five-headed hydra bites you.
* * * LOW HITPOINT WARNING * * *
The five-headed hydra bites you!
* * * LOW HITPOINT WARNING * * *
The five-headed hydra bites you!
* * * LOW HITPOINT WARNING * * *
Okay, then.
Unknown command.
Unknown command.
Okay, then.
Unknown command.
Okay, then.
Unknown command.
Unknown command.
Unknown command.
Unknown command.
Unknown command.
Okay, then.
Unknown command.
Unknown command.
As you read the scroll labelled CIJEPAI VUIKUB, it crumbles to dust.
You feel a surge of unholy energy.
The five-headed hydra convulses!
It was a scroll of torment.
The five-headed hydra bites you but does no damage.
The five-headed hydra barely misses you.
The five-headed hydra bites you but does no damage.
The five-headed hydra barely misses you.
The five-headed hydra misses you.
Unknown command.
Unknown command.
Unknown command.
Aiming: Mindburst
Press: ? - help, Shift-Dir - straight line, f - five-headed hydra
Aim: a five-headed hydra (heavily wounded, chance to affect: 29%)
The five-headed hydra's minds are blasted!
The five-headed hydra bites you!
You die...

##...≈.≈.#....## ##.....##
##..≈≈≈≈≈≈......## ##..<.#
#.≈≈≈≈≈≈≈≈≈......# #...##
#≈≈≈≈≈≈≈≈≈≈......######.#
#.≈≈≈≈≈≈≈≈≈........P# ###
#≈≈≈≈.>.≈≈≈≈...#....###
#≈≈≈≈...≈≈≈.#.####....###
#.≈≈≈≈≈≈≈≈≈.#..##.##....##
#.≈≈≈≈≈≈≈≈D@..####.......#
#
##≈≈≈≈≈≈≈.≈..####.....####
# #≈..≈≈.≈.##.##.......#
### ##.........####......#
P.# ##........#.#
#.......#
..####...........#
#.......##
#...............##
#P.......#
.#####...........#
###.....## ##
#..........!## #....##


You could see a five-headed hydra.

Vanquished Creatures
  A hydra (Lair:1)
  Harold (D:7)
  A centaur warrior (D:9)
  A two-headed ogre (D:9)
  A death yak (Lair:2)
  2 cane toads
  A torpor snail (Lair:2)
  5 komodo dragons (Lair:1)
  A hornet (D:9)
  Sigmund (D:2)
  7 yaks
  A basilisk (Lair:2)
  Menkaure (D:5)
  A steam dragon (D:8)
  An acid dragon (D:9)
  4 water moccasins
  2 sky beasts
  5 orc warriors
  A hornet zombie (D:8)
  4 ogres
  4 centaurs (D:9)
  An ice beast (D:6)
  A necrophage (D:7)
  2 phantoms
  7 bullfrogs
  A gnoll sergeant (D:7)
  2 scorpions
  A water moccasin zombie (Ossuary)
  9 killer bees (D:8)
  12 wights
  A howler monkey (D:7)
  2 centaur zombies
  2 jellies
  3 hounds
  A bullfrog skeleton (D:5)
  A gnoll shaman (D:7)
  3 orc priests
  2 iguanas
  8 orc wizards
  2 mummies (Ossuary)
  A howler monkey zombie (D:8)
  9 gnolls (D:7)
  2 howler monkey skeletons (D:7)
  8 adders
  A white imp (D:7)
  4 adder zombies (Ossuary)
  3 worms (D:2)
  2 dart slugs
  34 orcs
  6 endoplasms
  6 giant cockroaches
  4 gnoll zombies (Ossuary)
  6 goblins
  4 hobgoblins
  2 jackals (D:4)
  3 quokkas
  10 ball pythons
  8 bats
  A frilled lizard (D:3)
  4 hobgoblin zombies (Ossuary)
  10 kobolds
  8 kobold zombies (Ossuary)
  4 orc zombies (Ossuary)
  9 rats
256 creatures vanquished.

Vanquished Creatures (others)
  An orc wizard (D:9)
  10 fungi
  7 plants
18 creatures vanquished.

Grand Total: 274 creatures vanquished

Notes
Turn   | Place    | Note
-------+----------+-------------------------------------------
     0 | D:1      | bnorton916 the Barachi Ice Elementalist began the quest for
                  | the Orb.
     0 | D:1      | Reached XP level 1. HP: 13/13 MP: 3/3
   378 | D:1      | Reached skill level 5 in Ice Magic
   664 | D:1      | Reached XP level 2. HP: 18/19 MP: 1/5
  1248 | D:1      | Reached XP level 3. HP: 24/24 MP: 2/7
  1529 | D:1      | Learned a level 3 spell: Frozen Ramparts
  1533 | D:1      | Learned a level 3 spell: Ozocubu's Armour
  1572 | D:2      | Noticed Sigmund
  2176 | D:2      | Reached XP level 4. HP: 30/30 MP: 3/9
  2627 | D:2      | Found a faded altar of an unknown god.
  2687 | D:2      | Killed Sigmund
  2688 | D:2      | Reached XP level 5. HP: 3/35 MP: 1/11
  3125 | D:2      | Reached XP level 6. HP: 32/41 MP: 6/12
  3457 | D:2      | Got Xihethr Jefe's Grimoire of Evil Malediction
  3473 | D:2      | Learned a level 4 spell: Hailstorm
  3849 | D:3      | Identified the +6 dagger of Dammeant {vorpal, rN+ Will+
                  | Dex+3 Stlth+}
  4706 | D:4      | Reached skill level 1 in Conjurations
  4991 | D:4      | Identified the +0 robe of Duty {rF- rCorr Dex+6}
  5439 | D:4      | Reached skill level 5 in Spellcasting
  5439 | D:4      | Reached XP level 7. HP: 28/46 MP: 8/14
  5926 | D:5      | Entered Level 5 of the Dungeon
  6588 | D:5      | Found Epleupoph's Jewellery Emporium.
  6907 | D:5      | Found Futoics's Magic Scroll Shoppe.
  6912 | D:5      | Noticed Menkaure
  6932 | D:5      | Killed Menkaure
  6933 | D:5      | Reached XP level 8. HP: 30/52 MP: 9/17
  6990 | D:5      | Bought a scroll of amnesia for 38 gold pieces
  6990 | D:5      | Bought a scroll of fog for 22 gold pieces
  7029 | D:5      | Found a staircase to the Ecumenical Temple.
  7039 | Temple   | Entered the Ecumenical Temple
  7264 | Temple   | Became a worshipper of Cheibriados the Contemplative
  7519 | D:5      | Found Fiwoadda's Weapon Emporium.
  8164 | D:6      | Reached skill level 1 in Fighting
  8164 | D:6      | Reached skill level 1 in Short Blades
  8164 | D:6      | Reached skill level 1 in Armour
  8325 | D:6      | Reached skill level 2 in Fighting
  8615 | D:6      | Found a hazy altar of Hepliaklqana.
  8760 | D:7      | Reached * piety under Cheibriados
  8762 | D:7      | Reached XP level 9. HP: 56/62 MP: 11/18
  8766 | D:7      | Reached skill level 3 in Fighting
  8830 | D:7      | Found a sand-covered staircase.
  8846 | Ossuary  | Entered an ossuary
  9132 | Ossuary  | Reached ** piety under Cheibriados
  9656 | D:7      | Noticed Harold
  9945 | D:8      | Reached skill level 4 in Fighting
 10530 | D:8      | Reached skill level 5 in Dodging
 10536 | D:8      | Reached skill level 5 in Fighting
 10536 | D:8      | Reached skill level 5 in Armour
 10618 | D:8      | Reached skill level 5 in Short Blades
 10619 | D:8      | Reached XP level 10. HP: 74/74 MP: 12/19
 10619 | D:8      | Reached *** piety under Cheibriados
 10956 | D:8      | Reached skill level 6 in Fighting
 10998 | D:7      | Killed Harold
 11847 | D:9      | Reached skill level 7 in Fighting
 11881 | D:9      | Found a staircase to the Lair.
 11911 | D:9      | Reached **** piety under Cheibriados
 11953 | D:9      | Noticed a centaur warrior
 11956 | D:9      | HP: 1/79 [acid dragon (8)]
 12482 | D:9      | Noticed a two-headed ogre
 12492 | D:9      | Killed a two-headed ogre
 12493 | D:9      | Reached skill level 8 in Fighting
 12970 | D:9      | Paralysed by a hornet for 2 turns
 13041 | D:9      | Killed a centaur warrior
 13042 | D:9      | Reached skill level 9 in Fighting
 13042 | D:9      | Reached XP level 11. HP: 45/89 MP: 14/20
 13967 | Lair:1   | Entered Level 1 of the Lair of Beasts
 14369 | Lair:1   | Noticed an eight-headed hydra
 14382 | Lair:1   | Killed an eight-headed hydra
 14383 | Lair:1   | Reached skill level 10 in Fighting
 14666 | Lair:1   | Learned a level 2 spell: Blink
 14670 | Lair:1   | Learned a level 3 spell: Call Canine Familiar
 14728 | Lair:1   | Reached skill level 1 in Summonings
 14728 | Lair:1   | Reached skill level 1 in Translocations
 14831 | Lair:1   | Reached ***** piety under Cheibriados
 15769 | Lair:2   | Noticed a death yak
 15781 | Lair:2   | Killed a death yak
 15958 | Lair:2   | Noticed a five-headed hydra
 15971 | Lair:1   | HP: 2/91 [five-headed hydra (10)]
 15973 | Lair:1   | Mangled by a five-headed hydra

Illustrated notes

Levels and vault maps discovered:
D:1:      enne_arrival_octagon_isle, layout_loops_cross, hangedman_decor_push
D:2:      layout_rooms, chequers_ecumenical_altar_lobes, serial_curves,
          eino_curves_02, eino_curves_04, minmay_tromino_v4_c, uniq_sigmund
D:3:      layout_loops_ring
D:4:      layout_rooms
D:5:      layout_rooms, minmay_temple_entry_poolview, serial_shops, shop,
          nicolae_shop_competitors_out_of_business, shop_statue,
          kennysheep_small_spiral, roderic_serpentine_path, grunt_ministairs_10,
          uniq_menkaure
D:6:      nicolae_BIG_FREAKIN_CUBE, layout_loops_cross,
          mainiacjoe_overflow_alcove_1
D:7:      layout_loops_ring, enter_ossuary_1, skrybe_limestone_x, uniq_harold
D:8:      layout_cave_pods, grunt_ministairs_8
D:9:      layout_rooms, dpeg_oklobed_lair, serial_bayou_pond_a, minivault_20,
          minmay_quadrilaterals
Temple:   mainiacjoe_temple_archimedes_tessellation
Lair:1:   layout_cave_pods, lemuel_fruit_fields, lemuel_fruit_fields,
          infiniplex_staircase_pool_2
Lair:2:   layout_chaotic_city, hangedman_lair_generics_rect, grunt_megastairs_4

Skill      XL: |  1  2  3  4  5  6  7  8  9 10 11 |
---------------+----------------------------------+-----
Ice Magic      | 5 6 7 8 |  8.8
Spellcasting   | 3 4 5 6 |  6.5
Conjurations   | 2 4 6 |  6.6
Fighting       | 2 5 9 10 | 10.2
Short Blades   | 2 5 8 9 |  9.3
Armour         | 2 5 |  5.8
Dodging        | 3 5 6 |  6.8
Summonings     | 4 |  4.0
Translocations | 3 |  3.0
Stealth        | |  1.7

Action                   |  1- 3 |  4- 6 |  7- 9 | 10-12 || total
-------------------------+-------+-------+-------+-------++-------
Melee: Unarmed           |     4 |       |       |       ||     4
       Short sword       |     2 |     7 |       |       ||     9
       Dagger            |       |    42 |   145 |   157 ||   344
       Punch             |       |     1 |     3 |     3 ||     7
Throw: Stone             |     1 |     2 |     2 |    11 ||    16
       Boomerang         |       |       |    14 |    14 ||    28
       Throwing net      |       |       |       |     2 ||     2
       Javelin           |       |       |       |     6 ||     6
 Cast: Freeze            |    51 |    20 |     1 |     3 ||    75
       Frozen Ramparts   |     3 |    16 |    34 |    41 ||    94
       Ozocubu's Armour  |       |     4 |    26 |    28 ||    58
       Hailstorm         |       |       |       |     1 ||     1
 Abil: Hop               |       |       |       |     2 ||     2
Evoke: Wand              |       |       |     8 |    13 ||    21
  Use: Potion            |       |     1 |     1 |     5 ||     7
       Scroll            |       |       |    16 |    10 ||    26
 Stab: Sleeping          |       |     3 |     3 |     2 ||     8
Armor: Robe              |     9 |    30 |    45 |    16 ||   100
       Steam dragon scal |       |       |       |    53 ||    53
Dodge: Dodged            |    27 |    49 |   137 |   239 ||   452
